 Dungeon Crawl Stone Soup version 0.30-a0-1123-gabc949cf19 (webtiles) character file.

Game seed: 5681923408700320025

1091 themarg the Firebug (level 8, -13/62 HPs)
             Began as a Demonspawn Cinder Acolyte on Apr 22, 2023.
             Was an Elder of Ignis.
             Mangled by a large slime creature (27 damage)
             ... on level 5 of the Dungeon.
             The game lasted 00:14:26 (6744 turns).

themarg the Firebug (Demonspawn Cinder Acolyte)     Turns: 6744, Time: 00:14:27

Health: -13/62     AC: 19    Str: 16    XL:     8   Next: 9%
Magic:  10/15      EV: 11    Int: 17    God:    Ignis [****..]
Gold:   340        SH:  0    Dex: 14    Spells: 14/16 levels left

rFire   + . .        a - -1 hand axe (flame)
rCold   . . .        (no shield)
rNeg    . . .        b - +0 robe
rPois   .            p - +2 hat
rElec   .            e - +2 cloak
rCorr   .            w - +1 pair of gloves
SInv    .            (no boots)
Will    .....        (no amulet)
Stlth   ++           d - +6 ring of dexterity
HPRegen 0.30/turn    o - ring of wizardry
MPRegen 0.14/turn

%: wizardry (x1)
@: about to teleport, fiery-armoured
A: hooves 2, molten scales 2, powered by pain 1, spiny 1
a: Renounce Religion, Fiery Armour, Foxfire Swarm, Rising Flame


You were on level 5 of the Dungeon.
You worshipped Ignis.
Ignis was greatly pleased with you.
You visited 2 branches of the dungeon, and saw 6 of its levels.
You also visited: Ossuary.

You collected 340 gold pieces.

Inventory:

Hand Weapons
 a - a -1 hand axe of flaming (weapon)
 E - a +1 dagger of electrocution
Missiles
 j - 40 stones (quivered)
 l - 6 boomerangs
 J - a curare-tipped dart
Armour
 b - a +0 robe (worn)
 e - a +2 cloak (worn)
 k - an orb of light
 p - a +2 hat (worn)
 w - a +1 pair of gloves (worn)
 F - a +0 leather armour of poison resistance
Jewellery
 d - a +6 ring of dexterity (left hand)
 f - a ring of protection from cold
 o - a ring of wizardry (right hand)
 y - an amulet of reflection
 B - a ring of ice
 I - a ring of positive energy
Wands
 C - a wand of paralysis (1)
Scrolls
 c - 3 scrolls of teleportation
 h - a scroll of magic mapping {unknown}
 i - 3 scrolls of enchant armour
 m - a scroll of brand weapon {unknown}
 n - 2 scrolls of fog
 q - 4 scrolls of identify {unknown}
 r - 2 scrolls of immolation {unknown}
 v - a scroll of vulnerability {unknown}
 x - a scroll of fear {unknown}
 H - a scroll of torment {unknown}
Potions
 g - 3 potions of curing
 s - a potion of mutation {unknown}
 t - 3 potions of heal wounds {unknown}
 u - 2 potions of brilliance {unknown}
 z - 3 potions of might {unknown}
 A - a potion of lignification {unknown}
 D - 2 potions of attraction {unknown}
 G - 2 potions of haste {unknown}


   Skills:
 - Level 5.0 Fighting
 - Level 2.6 Axes
 - Level 3.0 Stealth
 + Level 4.9 Spellcasting
 - Level 6.0 Fire Magic


You had 14 spell levels left.
You knew the following spells:

 Your Spells              Type           Power      Damage    Failure   Level
a - Scorch                Fire           48%        2d7       1%          2

Your spell library contained the following spells:

 Spells                   Type           Power      Damage    Failure   Level
 Inner Flame              Hex/Fire       14%        N/A       5%          3
 Apportation              Tloc           8%         N/A       6%          1
 Necrotise                Necr           16%        1d4       6%          1
 Summon Small Mammal      Summ           16%        N/A       6%          1
 Lesser Beckoning         Tloc           8%         N/A       9%          2
 Call Canine Familiar     Summ           4%         N/A       17%         3
 Gell's Gravitas          Tloc           4%         N/A       17%         3
 Summon Guardian Golem    Hex/Summ       4%         N/A       17%         3
 Teleport Other           Tloc           4%         N/A       17%         3
 Yara's Violent Unravell  Hex/Tmut       2%         3d3       82%         5
 Enfeeble                 Hex            2%         N/A       100%        7


Dungeon Overview and Level Annotations

Branches:
Dungeon (5/15)             Temple (1/1) D:4         Ossuary (visited)

Altars:
Ashenzari
Cheibriados
Fedhas
Hepliaklqana
Makhleb
Nemelex Xobeh
Okawaru
Qazlal
Sif Muna
Trog
Uskayaw
Vehumet
Wu Jian
Xom
Yredelemnul

Annotations:
D:4 1 runed translucent door, Crazy Yiuf


Innate Abilities, Weirdness & Mutations

You have hoof-like feet.
You are mostly covered in molten scales. (AC +3)
You sometimes gain a little power by taking damage.
You are partially covered in sharp spines.


Message History

The large slime creature is burned terribly!
The large slime creature is lightly wounded.
The large slime creature is struck by your spines.
The large slime creature hits you!
The large slime creature is burned terribly!
The large slime creature is burned by your cloak of flames.
The large slime creature is moderately wounded.
Flames lash the large slime creature.
The large slime creature is burned terribly!
The large slime creature is moderately wounded.
The large slime creature is struck by your spines.
The large slime creature hits you!!
You focus on the pain.
You feel your power returning.
The large slime creature is burned terribly!
The large slime creature is burned by your cloak of flames.
The large slime creature is heavily wounded.
Flames lash the endoplasm.
The endoplasm is almost dead.
The endoplasm's fire resistance burns away.
The large slime creature jiggles.
The large slime creature hits you!!
* * * LOW HITPOINT WARNING * * *
The large slime creature is burned terribly!
The large slime creature is burned by your cloak of flames.
The large slime creature is heavily wounded.
As you read the scroll of teleportation, it crumbles to dust.
You feel strangely unstable.
The large slime creature completely misses you.
It was a potion of curing.
You feel better.
The large slime creature is struck by your spines.
The large slime creature hits you but does no damage.
The large slime creature is burned terribly!
The large slime creature is burned by your cloak of flames.
The large slime creature is heavily wounded.
Flames lash the jelly.
The jelly is moderately wounded.
The jelly's fire resistance burns away.
The large slime creature jiggles.
The large slime creature hits you!!
You die...

..#......#####.# ####..# #
..#####........# #..###### ..#
########## #........ ..# #######
##..#####
..#######......############.##
.......##P.JJ..J##......###..####
#..###.##..J.J.#J#.......##......
##..##.##...JJJ#J#.......))...##.
.......##......#@#........'......
.###.####P..÷PJ#)#'#......'.#<...
## #.# #÷....÷#.#.#.....##.#....
####.# #.PPPJP#.#.#....####....#
...#.# #?÷J÷..##.####### #......
...#.# ###### ###...###
...'.###############.# #...#.#..
...#.................# #.#.#.#.#
...#.#####.######.##.# #...#.#.#


You could see a large slime creature (combustible), a jelly (combustible) and an
endoplasm (combustible).

Vanquished Creatures
  A phantom (D:5)
  A kobold brigand (D:5)
  2 elf zombies (Ossuary)
  2 scorpions
  3 centaur zombies (Ossuary)
  3 jellies (D:5)
  5 hounds
  A human zombie (Ossuary)
  An iguana (D:4)
  Ijyb (D:4)
  An orc wizard (D:4)
  3 mummies
  12 adders
  2 white imps (D:5)
  2 dart slugs (D:1)
  9 orcs
  5 endoplasms
  3 giant cockroaches
  2 goblins
  5 hobgoblins
  6 jackals
  5 quokkas
  7 ball pythons
  6 bats
  3 frilled lizards
  8 hobgoblin zombies (Ossuary)
  A jackal zombie (Ossuary)
  10 kobolds
  10 kobold zombies
  14 orc zombies (Ossuary)
  6 rats
140 creatures vanquished.

Vanquished Creatures (others)
  2 fungi (D:5)
  8 toadstools (D:5)
10 creatures vanquished.

Grand Total: 150 creatures vanquished

Notes
Turn   | Place    | Note
-------+----------+-------------------------------------------
     0 | D:1      | themarg the Demonspawn Cinder Acolyte began the quest for
                  | the Orb.
     0 | D:1      | Reached XP level 1. HP: 18/18 MP: 2/2
   252 | D:1      | Gained mutation: You are partially covered in molten
                  | scales. (AC +2) [demonic ancestry]
   252 | D:1      | Reached XP level 2. HP: 24/24 MP: 4/4
   264 | D:1      | Reached skill level 1 in Stealth
   276 | D:1      | Reached skill level 3 in Fire Magic
   279 | D:1      | Learned a level 2 spell: Scorch
  1155 | D:2      | Gained mutation: You are partially covered in sharp spines.
                  | [demonic ancestry]
  1155 | D:2      | Reached XP level 3. HP: 29/29 MP: 0/5
  1722 | D:2      | Reached XP level 4. HP: 35/35 MP: 2/7
  2330 | D:3      | Found a broken altar of Ashenzari.
  3291 | D:4      | Noticed Ijyb
  3314 | D:4      | Reached skill level 4 in Fire Magic
  3314 | D:4      | Gained mutation: You have large cloven feet. [demonic
                  | ancestry]
  3314 | D:4      | Reached XP level 5. HP: 41/41 MP: 1/8
  3492 | D:4      | Reached skill level 5 in Fire Magic
  3582 | D:4      | Gained mutation: You have hoof-like feet. [demonic
                  | ancestry]
  3582 | D:4      | Reached XP level 6. HP: 47/47 MP: 4/9
  3728 | D:4      | Found a staircase to the Ecumenical Temple.
  3740 | D:4      | Paralysed by Ijyb for 2 turns
  3743 | D:4      | Killed Ijyb
  3999 | D:4      | Found a runed translucent door.
  4000 | D:4      | Noticed Crazy Yiuf
  4326 | Temple   | Entered the Ecumenical Temple
  4599 | D:5      | Entered Level 5 of the Dungeon
  4655 | D:5      | Found a sand-covered staircase.
  4662 | Ossuary  | Entered an ossuary
  5236 | Ossuary  | Reached skill level 6 in Fire Magic
  5330 | Ossuary  | Gained mutation: You sometimes gain a little power by
                  | taking damage. [demonic ancestry]
  5330 | Ossuary  | Reached XP level 7. HP: 46/54 MP: 1/10
  5505 | Ossuary  | Reached skill level 5 in Fighting
  5791 | D:5      | Found a shimmering blue altar of Sif Muna.
  6132 | D:5      | Found a basalt altar of Yredelemnul.
  6549 | D:5      | Gained mutation: You are mostly covered in molten scales.
                  | (AC +3) [demonic ancestry]
  6549 | D:5      | Reached XP level 8. HP: 18/62 MP: 5/14
  6726 | D:5      | Noticed a slime creature
  6726 | D:5      | Noticed a slime creature
  6741 | D:5      | HP: 2/62 [large slime creature (20)]
  6744 | D:5      | Mangled by a large slime creature

Illustrated notes

Levels and vault maps discovered:
D:1:      minmay_arrival_jagged, layout_basic
D:2:      layout_rooms
D:3:      layout_basic, nicolae_ashenzari_skybound, minivault_4
D:4:      layout_basic, minmay_temple_entry_gardened_gates, uniq_ijyb,
          uniq_crazy_yiuf_cottage
D:5:      cheibrodos_fertilizer, layout_basic,
          mainiacjoe_overflow_concentric_impassable,
          nicolae_sif_muna_condensation, nicolae_ossuary_entry_giza
Temple:   nicolae_temple_figure_eight

Skill      XL: |  1  2  3  4  5  6  7 |
---------------+----------------------+-----
Stealth        | 1 2 3 |  3.0
Fire Magic     | 3 4 5 6 |  6.0
Spellcasting   | 2 4 |  4.9
Fighting       | 4 5 |  5.0
Axes           | |  2.6

Action                     |  1- 3 |  4- 6 |  7- 9 || total
---------------------------+-------+-------+-------++-------
  Melee: Hand axe          |    60 |    50 |    41 ||   151
         Kick              |       |    17 |    16 ||    33
         Punch             |       |     1 |       ||     1
  Throw: Stone             |       |     1 |       ||     1
   Cast: Scorch            |    26 |    86 |    42 ||   154
 Invoke: Fiery Armour      |     1 |     2 |     2 ||     5
    Use: Scroll            |       |     2 |     2 ||     4
         Potion            |       |       |     1 ||     1
   Stab: Sleeping          |       |     1 |       ||     1
 Armour: Robe              |    25 |    25 |    25 ||    75
  Dodge: Dodged            |    41 |    39 |    20 ||   100

Table legend: (Time is in decaauts)
 A = Elapsed time spent in this place.
 B = Non-inter-level travel time spent in this place.
 C = Inter-level travel time spent in this place.
 D = Time resting spent in this place.
 E = Time spent auto-exploring this place.
 F = Levels seen in this place.
 G = Mean time per level.
                   A        B        C        D        E       F      G
               +--------+--------+--------+--------+--------+-----+--------+
         Total |   6779 |   6692 |     87 |    726 |   4882 |   7 |  968.4 |
       Dungeon |   5575 |   5488 |     87 |    185 |   4561 |   5 | 1115.0 |
        Temple |    219 |    219 |      0 |      0 |    205 |   1 |  219.0 |
       Ossuary |    983 |    983 |      0 |    541 |    116 |   1 |  983.0 |
               +--------+--------+--------+--------+--------+-----+--------+

Top non-repeatable levels by time:
     D:5: 1184 daAuts
     D:1: 1158 daAuts
     D:4: 1139 daAuts
     D:3: 1126 daAuts
 Ossuary: 983 daAuts
     D:2: 967 daAuts
  Temple: 219 daAuts
